 Dungeon Crawl Stone Soup version 0.30-a0-715-gdb4ae3ece1 (webtiles) character file.

Game seed: 15101164721337857543

159 PyroL the Changer (level 5, -1/33 HPs)
             Began as an Octopode Transmuter on Jan 23, 2023.
             Slain by a gnoll
             ... wielding a +0 halberd
              (12 damage)
             ... on level 4 of the Dungeon.
             The game lasted 00:04:37 (2723 turns).

PyroL the Changer (Octopode Transmuter)             Turns: 2723, Time: 00:04:37

Health: -1/33      AC:  2    Str:  9    XL:     5   Next: 40%
Magic:  6/8        EV: 19    Int: 17    God:
Gold:   231        SH:  0    Dex: 18    Spells: 2/8 levels left

rFire   . . .      SeeInvis +      - Unarmed
rCold   . . .      Faith    .    (shield currently unavailable)
rNeg    . . .      Spirit   .    (helmet currently unavailable)
rPois   .          Reflect  .    (no amulet)
rElec   .          Harm     .    c - ring of see invisible
rCorr   .          Rampage  .    i - ring of poison resistance
Will    .....                    o - +4 ring of slaying
Stlth   ++                       (no ring)
HPRegen 0.25/turn                (no ring)
MPRegen 0.11/turn                (no ring)
                                 (no ring)
                                 (no ring)

@: spider-form (expiring)
A: venomous fangs, almost no armour, (amphibious), 8 rings, tiny, (camouflage
1), (gelatinous body 1), (nimble swimmer 1), (tentacles)
a: End Transformation


You were on level 4 of the Dungeon.
You were a venomous arachnid creature.
You visited 1 branch of the dungeon, and saw 4 of its levels.

You collected 231 gold pieces.

Inventory:

Missiles
 t - a throwing net
 v - 3 atropa-tipped darts
Jewellery
 c - a ring of see invisible (left front pincers)
 i - a ring of poison resistance (right front pincers)
 o - a +4 ring of slaying (on tentacle)
Scrolls
 d - 5 scrolls of identify {unknown}
 e - a scroll of immolation {unknown}
 g - a scroll of amnesia {unknown}
 j - 3 scrolls of teleportation {unknown}
 k - 2 scrolls of vulnerability {unknown}
 l - a scroll of fog {unknown}
 n - 2 scrolls of silence {unknown}
 p - a scroll of brand weapon {unknown}
 r - 2 scrolls of magic mapping {unknown}
Potions
 a - a potion of lignification
 b - 2 potions of might {unknown}
 f - a potion of resistance {unknown}
 h - a potion of heal wounds {unknown}
 m - 5 potions of curing {unknown}
 q - a potion of haste {unknown}
 s - a potion of mutation {unknown}
 u - a potion of degeneration {unknown}


   Skills:
 - Level 1.0 Fighting
 - Level 2.0 Dodging
 - Level 3.0 Unarmed Combat
 - Level 2.0 Spellcasting
 + Level 4.7 Transmutations
 - Level 3.0 Poison Magic


You had 2 spell levels left.
You knew the following spells:

 Your Spells              Type           Power      Damage    Failure   Level
a - Beastly Appendage     Tmut           34%        N/A       10%         1
b - Wereblood             Tmut           17%        N/A       13%         2
c - Spider Form           Tmut/Pois      14%        N/A       28%         3

Your spell library contained the following spells:

 Spells                   Type           Power      Damage    Failure   Level
 Ozocubu's Armour         Ice            1%         N/A       71%         3
 Ice Form                 Ice/Tmut       9%         N/A       78%         4
 Ozocubu's Refrigeration  Ice            0%         4d7       100%        7


Dungeon Overview and Level Annotations

Branches:
Dungeon (4/15)
 Temple: D:4-7

Altars:

Shops:
D:1 (


Innate Abilities, Weirdness & Mutations

You are a venomous arachnid creature.
You have venomous fangs.
You are tiny and dextrous.
Your spellcasting is less reliable in this form.
Your armour is entirely melded.
You are incapable of wielding weapons or throwing items.
You cannot wear most types of armour.
((You are amphibious.))
You can wear up to eight rings at the same time.
((Your skin changes colour to match your surroundings (Stealth+).))
((Your rubbery body absorbs attacks. (AC +1, EV +1)))
((You are camouflaged when in or above water. (Stealth+)))
((You have tentacles for arms and can constrict up to eight enemies at once.))


Message History

a +0 spear; a throwing net; a gnoll corpse You bite the gnoll!
The gnoll is poisoned.
The gnoll is heavily wounded.
The gnoll barely misses you.
The gnoll hits you from afar with a +0 spear.
You hit the gnoll.
You kill the gnoll!
The gnoll misses you.
A hobgoblin comes into view.
The hobgoblin shouts!
The gnoll misses you. The gnoll closely misses you.
You see here a +0 spear.
You hit the gnoll.
The gnoll is poisoned.
The gnoll is heavily wounded.
The gnoll hits you from afar with a +0 halberd!
The gnoll hits you with a +0 spear.
You hit the gnoll.
The gnoll looks as sick as possible!
The gnoll is almost dead.
You kill the gnoll!
The gnoll hits you from afar with a +0 halberd.
* * * LOW HITPOINT WARNING * * *
The gnoll misses you.
Things that are here:
a +0 spear; a gnoll corpse You barely miss the gnoll.
You hit the gnoll.
The gnoll is poisoned.
The gnoll is lightly wounded.
The gnoll completely misses you.
You hit the gnoll.
The gnoll is moderately wounded.
The gnoll completely misses you.
You hit the gnoll.
The gnoll looks even sicker.
The gnoll is severely wounded.
The gnoll hits you with a +0 halberd.
* * * LOW HITPOINT WARNING * * *
You hit the gnoll.
The gnoll looks as sick as possible!
The gnoll is severely wounded.
Your transformation is almost over.
The gnoll hits you with a +0 halberd!
You die...

###............#.#
##.#.#######.##.#.#
##....# #.##.#.#
#.....## #.##.#.#
##.....# #......#
.....#.# ####.###
###....# #)# #.####
#)# ##'## #s#
##...## #g#
#.....## #g.
.......## ##.#
........# .#
..<.....+ ..
........# .#
.......## .#
#.....##


You could see a gnoll (extremely poisoned) and a hobgoblin.

Vanquished Creatures
  Crazy Yiuf (D:3)
  An orc wizard (D:4)
  3 gnolls (D:4)
  2 adders (D:3)
  2 worms
  2 dart slugs (D:2)
  2 orcs (D:4)
  12 ball pythons
  5 endoplasms
  2 goblins
  7 hobgoblins
  A quokka (D:3)
  3 bats
  3 kobolds
  8 rats
54 creatures vanquished.

Notes
Turn   | Place    | Note
-------+----------+-------------------------------------------
     0 | D:1      | PyroL the Octopode Transmuter began the quest for the Orb.
     0 | D:1      | Reached XP level 1. HP: 13/13 MP: 3/3
   260 | D:1      | Found Guifrah's Antique Weapon Boutique.
   514 | D:2      | Reached skill level 1 in Poison Magic
   515 | D:2      | Reached XP level 2. HP: 13/18 MP: 3/5
   842 | D:2      | Learned a level 2 spell: Wereblood
  1011 | D:2      | Reached XP level 3. HP: 23/23 MP: 4/6
  1659 | D:3      | Reached skill level 3 in Transmutations
  2025 | D:3      | Reached XP level 4. HP: 28/28 MP: 7/7
  2266 | D:3      | Found a runed translucent door.
  2267 | D:3      | Noticed Crazy Yiuf
  2276 | D:3      | Learned a level 3 spell: Spider Form
  2282 | D:3      | Killed Crazy Yiuf
  2427 | D:4      | Reached skill level 4 in Transmutations
  2429 | D:4      | Reached XP level 5. HP: 22/33 MP: 4/8
  2723 | D:4      | Slain by a gnoll

Illustrated notes

Levels and vault maps discovered:
D:1:      matt_arrival_spirals, layout_rooms, serial_shops, shop
D:2:      minmay_general_purpose_star, layout_loops_ring, grunt_ministairs_9
D:3:      layout_basic, minmay_misc_feat_cross, uniq_crazy_yiuf_cottage
D:4:      cheibrodos_greedy_goblins, layout_loops_corners

Skill      XL: |  1  2  3  4 |
---------------+-------------+-----
Poison Magic   | 1 2 3 |  3.0
Transmutations | 3 4 |  4.7
Fighting       | |  1.0
Dodging        | |  2.0
Unarmed Combat | |  3.0
Spellcasting   | |  2.0

Action                     |  1- 3 |  4- 6 || total
---------------------------+-------+-------++-------
  Melee: Unarmed           |    71 |    34 ||   105
         Constrict         |    21 |     4 ||    25
         Kick              |    16 |     5 ||    21
         Tentacles         |    13 |     2 ||    15
         Punch             |     1 |     1 ||     2
   Cast: Beastly Appendage |    23 |     7 ||    30
         Spider Form       |       |     3 ||     3
   Stab: Sleeping          |     3 |     1 ||     4
 Armour: Skin              |     6 |       ||     6
  Dodge: Dodged            |    45 |    25 ||    70

Table legend: (Time is in decaauts)
 A = Elapsed time spent in this place.
 B = Non-inter-level travel time spent in this place.
 C = Inter-level travel time spent in this place.
 D = Time resting spent in this place.
 E = Time spent auto-exploring this place.
 F = Levels seen in this place.
 G = Mean time per level.
                   A        B        C        D        E       F      G
               +--------+--------+--------+--------+--------+-----+--------+
         Total |   2716 |   2614 |    102 |    139 |   2003 |   4 |  679.0 |
       Dungeon |   2716 |   2614 |    102 |    139 |   2003 |   4 |  679.0 |
               +--------+--------+--------+--------+--------+-----+--------+

Top non-repeatable levels by time:
     D:2: 1104 daAuts
     D:3: 768 daAuts
     D:1: 508 daAuts
     D:4: 335 daAuts
